Map: Usina Ácida LE

Players

IagoAbreu - Winner!

  • Race: Zerg Zerg
  • League: Silver
  • Spawn Location: 11:00

kraycer

  • Race: Terran Terran
  • League: Silver
  • Spawn Location: 5:00

VOD

Have the link to the VOD?

Description

Time

  • Played on: March 5, 2018, 12:41 p.m.
  • Length: 6:27
Show
View Real Time Build Order
Export as new Build Order

IagoAbreu Zerg - Winner!

Build Orders: Pool First 

Get SALT Encoding   

  12  0:08  Overlord  
  12  0:14  Drone  
  13  0:17  Drone  
  14  0:30  Drone  
  14  0:33  Drone  
  16  0:45  Spawning Pool  
  15  0:53  Drone x2  
  17  1:00  Evolution Chamber  
  17  1:04  Extractor  
  15  1:10  Drone  
  16  1:34  Zergling x4  
  16  1:36  Zergling x2  
  16  1:37  Queen  
  21  1:45  Drone  
  22  1:57  Hatchery  
  21  2:02  Zergling x2  
  22  2:22  Overlord  
  22  2:35  Lair  
  22  2:43  Extractor  
  21  2:49  Baneling Nest  
  20  2:53  Zergling x12  
  26  3:10  Burrow  
  26  3:23  Drone x3  
  26  3:24  Drone  
  26  3:26  Zergling x2  
  30  3:55  Zergling x10  
  32  4:37  Zergling x4  
  32  4:38  Zergling x4  
  32  4:58  Overlord  
  32  4:59  Overlord x2  
  32  5:16  Queen  
  32  5:21  Zergling x12  
  32  5:22  Zergling x2  
  32  5:30  Baneling x2  
  32  5:31  Baneling x6  
  32  5:32  Baneling x5  
  32  5:33  Baneling x3  
Show
View Real Time Build Order
Export as new Build Order

kraycer Terran 

Build Orders:  

Get SALT Encoding   

  12  0:07  SCV  
  13  0:21  Supply Depot  
  13  0:23  Refinery  
  13  0:25  SCV  
  14  0:39  SCV  
  15  0:44  Supply Depot  
  15  0:58  SCV  
  15  0:59  Barracks  
  16  1:14  SCV  
  17  1:27  SCV  
  18  1:38  Barracks  
  18  1:39  SCV  
  19  1:50  Barracks Reactor  
  19  1:59  Orbital Command  
  19  2:27  Factory  
  19  2:37  Barracks Tech Lab  
  19  2:59  SCV  
  19  3:04  Marine  
  19  3:05  Marine  
  22  3:11  SCV  
  23  3:18  Refinery  
  23  3:22  Marine x2  
  23  3:23  SCV  
  23  3:24  Factory Reactor, Starport  
  26  3:35  SCV  
  26  3:39  Marine  
  26  3:40  Marine x2  
  26  3:57  Marine  
  26  3:58  Marine  
  26  4:15  Marine  
  27  4:33  Marine  
  27  4:50  Marine  
Tags
 
Add a new tag
Caveats
  • Supply blocks, unpowered buildings, or Contaminate may cause inaccurate times.
  • Supply counts are checked every 10 seconds.